 Dungeon Crawl Stone Soup version 0.25.0-9-g26727b657a (webtiles) character file.

Game seed: 1682803836107193453

135 Delamore the Cudgeler (level 5, 0/32 HPs)
             Began as a Gargoyle Fighter on June 17, 2020.
             Was an Initiate of Okawaru.
             Slain by an ogre
             ... wielding a +0 giant spiked club
              (16 damage)
             ... in the Ecumenical Temple.
             The game lasted 00:03:03 (1980 turns).

Delamore the Cudgeler (Gargoyle Fighter)            Turns: 1980, Time: 00:03:04

Health: 0/32       AC: 10    Str: 20    XL:     5   Next: 18%
Magic:  5/5        EV:  7    Int:  9    God:    Okawaru [......]
Gold:   91         SH:  9    Dex:  9    Spells: 4/4 levels left

rFire    . . .     SeeInvis .   a - +0 flail
rCold    . . .     Gourm    .   c - +0 kite shield
rNeg     + . .     Faith    .   b - +0 scale mail
rPois    ∞         Spirit   .   (no helmet)
rElec    +         Reflect  .   (no cloak)
rCorr    .         Harm     .   (no gloves)
MR       .....                  (no boots)
Stlth    ..........             (no amulet)
HPRegen  0.10/turn              (no ring)
MPRegen  0.09/turn              (no ring)

@: no status effects
A: negative energy resistance 1, electricity resistance, unbreathing,
petrification resistance, rot immunity, AC +4
a: Renounce Religion


You were in the Ecumenical Temple.
You worshipped Okawaru.
Okawaru was noncommittal.
You were hungry.

You visited 2 branches of the dungeon, and saw 5 of its levels.

You collected 91 gold pieces.

Inventory:

Hand Weapons
 a - a +0 flail (weapon)
Missiles
 p - 5 javelins (quivered)
Armour
 b - a +0 scale mail (worn)
 c - a +0 kite shield (worn)
Jewellery
 h - an uncursed ring of ice {unknown}
 i - an uncursed amulet of guardian spirit {unknown}
Scrolls
 g - a scroll of amnesia
 j - 6 scrolls of identify {unknown}
 k - 4 scrolls of remove curse {unknown}
Potions
 d - 2 potions of might
 e - a potion of ambrosia {unknown}
 l - a potion of flight {unknown}
 m - 3 potions of curing {unknown}
 o - a potion of resistance {unknown}
 q - 2 potions of stabbing {unknown}
 r - a potion of degeneration {unknown}
Comestibles
 f - 7 rations


   Skills:
 - Level 3.2 Fighting
 + Level 5.2 Maces & Flails
 - Level 3.2 Armour
 - Level 3.2 Shields


You had 4 spell levels left.
You didn't know any spells.
Your spell library was empty.

Dungeon Overview and Level Annotations

Branches:
Dungeon (4/15)             Temple (1/1) D:4

Altars:
Kikubaaqudgha
Okawaru
Wu Jian
The Shining One


Innate Abilities, Weirdness & Mutations

You are resistant to torment.
Your stone body is resilient. (AC +4)
You are immune to poison.
You resist negative energy. (rN+)
You are resistant to electric shocks. (rElec)
You can survive without breathing.
You are immune to petrification.
You are immune to rotting.


Message History

The ogre is lightly wounded.
The ogre barely misses you.
You block the leopard gecko skeleton's attack.
The ogre hits you with a +0 giant spiked club!
You climb downwards.
Welcome to the Ecumenical Temple!
Found two altars.
There is a staircase back to the Dungeon here.
You hit the ogre.
The ogre is moderately wounded.
You barely miss the ogre.
The ogre is moderately wounded.
The ogre hits you with a +0 giant spiked club!
You barely miss the ogre.
The ogre is moderately wounded.
You block the ogre's attack.
You thump the ogre!
The ogre is severely wounded.
The ogre hits you with a +0 giant spiked club!
Ouch! That really hurt!
You die...

.# #####
...##.8.###
≈≈.......8#
≈≈≈.......##
≈≈..._.@...#
≈≈....O...8#
≈≈....._...#
≈≈≈.......##
≈≈≈.......#
≈≈≈≈≈...###
≈≈≈≈≈≈.##
≈≈≈≈≈..


You could see an ogre.

Vanquished Creatures
  Jessica (D:2)
  A worker ant (D:3)
  3 adders
  An ooze (D:2)
  A worm (D:3)
  A dart slug (D:1)
  4 leopard geckos
  An orc (D:3)
  5 bats
  2 giant cockroaches
  8 hobgoblins
  2 jackals (D:3)
  A quokka (D:2)
  3 frilled lizards
  4 goblins
  5 kobolds
  2 rats
45 creatures vanquished.

Notes
Turn   | Place    | Note
-------+----------+-------------------------------------------
     0 | D:1      | Delamore the Gargoyle Fighter began the quest for the Orb.
     0 | D:1      | Reached XP level 1. HP: 14/14 MP: 1/1
   107 | D:1      | Reached XP level 2. HP: 18/19 MP: 2/2
   253 | D:1      | Reached skill level 3 in Maces & Flails
   691 | D:2      | Reached XP level 3. HP: 21/23 MP: 3/3
   714 | D:2      | Noticed Jessica
   729 | D:2      | Killed Jessica
   729 | D:2      | Reached skill level 4 in Maces & Flails
   729 | D:2      | Reached XP level 4. HP: 21/28 MP: 4/4
  1247 | D:2      | Found a glowing golden altar of the Shining One.
  1554 | D:3      | Found an iron altar of Okawaru.
  1567 | D:3      | Reached skill level 5 in Maces & Flails
  1567 | D:3      | Reached XP level 5. HP: 30/32 MP: 5/5
  1575 | D:3      | Became a worshipper of Warmaster Okawaru
  1916 | D:3      | You fall into a shaft and drop 1 floor!
  1916 | D:4      | Noticed an ogre
  1918 | D:4      | Noticed an ogre
  1969 | D:4      | Found a staircase to the Ecumenical Temple.
  1976 | Temple   | Entered the Ecumenical Temple
  1980 | Temple   | Slain by an ogre

Illustrated notes

Levels and vault maps discovered:
D:1:      dpeg_arrival_erosion, layout_loops_ring
D:2:      layout_loops_ring, tso_oasis_becter, minivault_19,
          hangedman_abyss_or_decor_lesser_grid, uniq_jessica
D:3:      layout_basic, okawaru_trees_1, first_ration, kennysheep_path_1
D:4:      layout_rooms, minmay_temple_entry_hall, serial_shops, shop,
          uniq_menkaure
Temple:   nicolae_temple_hex_pool

Skill      XL: |  1  2  3  4 |
---------------+-------------+-----
Maces & Flails | 3 4 5 |  5.2
Fighting       | |  3.2
Armour         | |  3.2
Shields        | |  3.2

Action                   |  1- 3 |  4- 6 || total
-------------------------+-------+-------++-------
Melee: Flail             |    56 |   128 ||   184
Throw: Javelin           |       |     1 ||     1
  Use: Scroll            |       |     1 ||     1
  Eat: Chunk             |       |     3 ||     3
Armor: Scale mail        |    21 |   105 ||   126
Dodge: Dodged            |    14 |    50 ||    64
Block: Kite shield       |    27 |    86 ||   113
